 Dungeon Crawl Stone Soup version 0.30-a0-12-gd8047c6341 (webtiles) character file.

Game seed: 2478064526063802695

2396 NinjaNoafa the Vexing (level 9, -8/51 HPs)
             Began as a Kobold Enchanter on Aug 23, 2022.
             Mangled by Duvessa
             ... wielding a +2 rapier of speed
              (15 damage)
             ... on level 7 of the Dungeon.
             The game lasted 00:22:28 (7030 turns).

NinjaNoafa the Vexing (Kobold Enchanter)            Turns: 7030, Time: 00:22:29

Health: -8/51      AC:  6    Str:  5    XL:     9   Next: 74%
Magic:  6/14       EV: 22    Int: 17    God:
Gold:   96         SH:  0    Dex: 19    Spells: 6/14 levels left

rFire   . . .      SeeInvis .    m - +4 dagger (pain)
rCold   . . .      Faith    .    (no shield)
rNeg    . . .      Spirit   .    b - +0 robe
rPois   .          Reflect  .    r - +0 helmet
rElec   .          Harm     .    C - scarf {shadows}
rCorr   .          Rampage  .    (no gloves)
Will    .....                    g - +2 pair of boots
Stlth   ++++......               t - amulet of regeneration
HPRegen 0.97/turn                u - ring of flight
MPRegen 0.14/turn                B - +4 ring of evasion

@: flying
A: small, no large weapons, nightstalker 3
a: no special abilities


You were on level 7 of the Dungeon.
You visited 1 branch of the dungeon, and saw 7 of its levels.

You collected 294 gold pieces.
You spent 198 gold pieces at shops.

Inventory:

Hand Weapons
 a - a +1 dagger
 m - a +4 dagger of pain (weapon)
Missiles
 e - 49 stones
 f - 12 poisoned darts (quivered)
Armour
 b - a +0 robe (worn)
 g - a +2 pair of boots (worn)
 r - a +0 helmet (worn)
 C - a scarf of shadows (worn)
 D - a +0 cloak
Jewellery
 t - an amulet of regeneration (around neck)
 u - a ring of flight (left hand)
 B - a +4 ring of evasion (right hand)
Wands
 F - a wand of iceblast (9)
Scrolls
 d - a scroll of butterflies
 i - 2 scrolls of amnesia
 k - 3 scrolls of teleportation
 l - a scroll of poison {unknown}
 p - a scroll of immolation
 y - a scroll of brand weapon {unknown}
 A - a scroll of vulnerability {unknown}
 E - 2 scrolls of blinking {unknown}
 G - a scroll of enchant armour {unknown}
Potions
 c - 3 potions of invisibility
 h - 5 potions of degeneration
 n - 3 potions of lignification {unknown}
 o - a potion of mutation {unknown}
 s - a potion of cancellation {unknown}
 v - a potion of berserk rage {unknown}
 w - a potion of haste {unknown}
 z - a potion of might
 H - a potion of brilliance {unknown}


   Skills:
 + Level 3.4 Fighting
 - Level 6.0 Short Blades
 - Level 6.0 Dodging
 - Level 6.0 Stealth
 + Level 3.4 Spellcasting
 - Level 7.0 Hexes
 - Level 5.0 Necromancy
 + Level 3.4 Ice Magic
 + Level 1.8 Evocations


You had 6 spell levels left.
You knew the following spells:

 Your Spells              Type           Power      Damage    Failure   Level
a - Ensorcelled Hibernat  Hex/Ice        40%        N/A       3%          2
b - Confusing Touch       Hex            26%        N/A       2%          3
c - Tukima's Dance        Hex            26%        N/A       2%          3

Your spell library contained the following spells:

 Spells                   Type           Power      Damage    Failure   Level
 Dazzling Flash           Conj/Hex       28%        N/A       12%         3
 Apportation              Tloc           4%         N/A       17%         1
 Magic Dart               Conj           8%         1d3       17%         1
 Scorch                   Fire           4%         2d5       26%         2
 Searing Ray              Conj           4%         2d4       26%         2
 Fulminant Prism          Conj/Hex       7%         3d7       36%         4
 Flame Wave               Conj/Fire      2%         2d4       86%         4
 Borgnjor's Vile Clutch   Necr/Erth      5%         N/A       86%         5
 Alistair's Intoxication  Tmut/Pois      1%         N/A       99%         5
 Eringya's Noxious Bog    Tmut/Pois      1%         N/A       100%        6
 Summon Cactus Giant      Summ           1%         N/A       100%        6


Dungeon Overview and Level Annotations

Branches:
Dungeon (7/15)
 Temple: D:4-7

Altars:
Hepliaklqana
Qazlal

Shops:
D:4 *

Annotations:
D:4 1 runed translucent door, Setbun's ghost, amateur MiFi
D:7 Duvessa


Innate Abilities, Weirdness & Mutations

You are small and have problems with some larger weapons.
You are completely attuned to the shadows.


Message History

Duvessa completely misses you.
Casting: Confusing Touch (dangerous; 2% risk of failure)
Confirm with . or Enter, or press ? or * to list all spells.
Aiming: Ensorcelled Hibernation (safe; 3% risk of failure)
Press: ? - help, Shift-Dir - straight line, f - Duvessa
Aim: Duvessa, wielding a +2 rapier of speed and wearing a +0 leather armour (chance to affect: 35%) Duvessa easily resists.
Duvessa hits you with a +2 rapier of speed.
Duvessa misses you.
Casting: Ensorcelled Hibernation (safe; 3% risk of failure)
Confirm with . or Enter, or press ? or * to list all spells.
Aiming: Ensorcelled Hibernation (safe; 3% risk of failure)
Press: ? - help, Shift-Dir - straight line, f - Dowan, p - Duvessa
Aim: Dowan, wielding a +0 dagger and wearing a +0 robe (lightly wounded, confused, chance to affect: 52%) Dowan looks drowsy...
Duvessa hits you with a +2 rapier of speed.
Unknown command.
Level annotation: Dowan; Duvessa Welcome back, NinjaNoafa the Kobold Enchanter.
Press ? for a list of commands and other information.
The helpless Dowan fails to defend himself.
You skewer Dowan like a kebab!!!
You kill Dowan!
Duvessa screams in rage.
Duvessa goes berserk!
Duvessa hits you with a +2 rapier of speed!!
* * * LOW HITPOINT WARNING * * *
Duvessa completely misses you.
You feel much better.
Duvessa hits you with a +2 rapier of speed! x2
* * * LOW HITPOINT WARNING * * *
Duvessa misses you.
Duvessa hits you with a +2 rapier of speed!
* * * LOW HITPOINT WARNING * * *
You feel better.
Duvessa hits you with a +2 rapier of speed!
* * * LOW HITPOINT WARNING * * *
Duvessa completely misses you.
Duvessa hits you with a +2 rapier of speed!
You die...

#.# ##'## #<..##
#.....## ...
.......###...#
.......##...#$?$#
......'....#####
.....##....e...
...###..).@... .#
#........
####.#### #.#


You could see Duvessa (berserk).

Vanquished Creatures
  Grinder (D:3)
  A sky beast (D:6)
  5 black bears
  2 ogres
  A centaur (D:5)
  2 phantoms (D:5)
  2 scorpions
  2 water moccasin zombies (D:5)
  A wyvern zombie (D:5)
  Dowan (D:7)
  2 water moccasin skeletons (D:5)
  A centaur zombie (D:5)
  6 hounds
  An orc priest (D:4)
  2 centaur skeletons (D:5)
  Jessica (D:2)
  4 iguanas
  A scorpion zombie (D:5)
  An orc wizard (D:4)
  A hound zombie (D:5)
  A hound skeleton (D:5)
  11 adders
  3 gnolls (D:5)
  2 white imps
  An ufetubus (D:6)
  A worm (D:5)
  2 dart slugs (D:1)
  14 orcs
  9 ball pythons
  4 bats
  4 endoplasms
  A giant cockroach (D:1)
  3 hobgoblins
  5 kobolds
  5 quokkas
  A frilled lizard (D:1)
  7 goblins
  5 rats
117 creatures vanquished.

Vanquished Creatures (collateral kills)
  A gnoll bouda (D:6)
  An orc wizard (D:6)
  3 gnolls (D:6)
5 creatures vanquished.

Vanquished Creatures (others)
  2 withered plants (D:4)
2 creatures vanquished.

Grand Total: 124 creatures vanquished

Notes
Turn   | Place    | Note
-------+----------+-------------------------------------------
     0 | D:1      | NinjaNoafa the Kobold Enchanter began the quest for the
                  | Orb.
     0 | D:1      | Reached XP level 1. HP: 10/10 MP: 3/3
     7 | D:1      | Noticed a polar bear
     7 | D:1      | Noticed a killer bee
     7 | D:1      | Noticed an anaconda
   334 | D:1      | Reached skill level 1 in Fighting
   334 | D:1      | Reached XP level 2. HP: 16/16 MP: 5/5
   704 | D:1      | Learned a level 2 spell: Ensorcelled Hibernation
   955 | D:1      | Reached XP level 3. HP: 16/20 MP: 6/6
  1138 | D:1      | Found a faded altar of an unknown god.
  1292 | D:1      | Noticed a wyvern
  1974 | D:2      | Noticed Jessica
  1985 | D:2      | Killed Jessica
  1986 | D:2      | Reached XP level 4. HP: 13/26 MP: 7/7
  2365 | D:2      | Got Jessica's Lectures on Wanderlust
  2729 | D:3      | Reached XP level 5. HP: 30/30 MP: 8/8
  3495 | D:3      | Noticed Grinder
  3504 | D:3      | Killed Grinder
  3505 | D:3      | Reached skill level 1 in Ice Magic
  3505 | D:3      | Reached XP level 6. HP: 34/35 MP: 8/10
  3764 | D:4      | Found Umofryer's Neck Hole.
  3768 | D:4      | Upgraded the game from 0.30-a0-6-g7c9e10e132 to
                  | 0.30-a0-12-gd8047c6341
  3914 | D:4      | Noticed a black bear
  3917 | D:4      | Killed a black bear
  3918 | D:4      | Reached skill level 4 in Hexes
  3918 | D:4      | Reached XP level 7. HP: 40/40 MP: 8/11
  4142 | D:4      | Found a runed translucent door.
  4143 | D:4      | Noticed Setbun's ghost (amateur MiFi)
  4421 | D:4      | Found a hazy altar of Hepliaklqana.
  4432 | D:4      | Reached skill level 5 in Hexes
  4432 | D:4      | Reached XP level 8. HP: 45/45 MP: 9/12
  4489 | D:4      | Found a stormy altar of Qazlal.
  4519 | D:4      | Reached skill level 5 in Stealth
  4597 | D:4      | Reached skill level 5 in Short Blades
  5104 | D:5      | Entered Level 5 of the Dungeon
  5215 | D:5      | Reached skill level 5 in Dodging
  5438 | D:5      | Reached XP level 9. HP: 50/50 MP: 13/13
  5708 | D:5      | Reached skill level 6 in Hexes
  5719 | D:5      | Learned a level 3 spell: Confusing Touch
  5723 | D:5      | Learned a level 3 spell: Tukima's Dance
  5967 | D:4      | Bought a scarf of shadows for 144 gold pieces
  5972 | D:4      | Bought a +0 cloak for 54 gold pieces
  6242 | D:6      | Reached skill level 5 in Necromancy
  6381 | D:6      | Reached skill level 7 in Hexes
  6444 | D:6      | Reached skill level 1 in Evocations
  7012 | D:7      | Noticed Duvessa
  7015 | D:7      | Noticed Dowan
  7027 | D:7      | Killed Dowan
  7030 | D:7      | Mangled by Duvessa

Illustrated notes

Levels and vault maps discovered:
D:1:      onia_arrival_zoo_common, layout_basic, ebering_ecumenical_altar_hall,
          minmay_unequal
D:2:      layout_loops_ring, kennysheep_jessica_study
D:3:      layout_basic, chequers_serial_rivers_micro_a, minmay_misc_feat_rugged,
          kennysheep_pointless_box, kennysheep_minor_cross, uniq_grinder
D:4:      layout_layer_cave, mainiacjoe_overflow_catwalk_spiral,
          gammafunk_ghost_grave, nicolae_shop_sticking_my_neck_out
D:5:      layout_cave_pools, serial_undead, serial_undead_a, serial_undead_e,
          serial_undead_c, serial_undead_a, fountainhead, eino_curves_04
D:6:      layout_loops_ring
D:7:      cheibrodos_iron_armory, layout_loops_corners,
          minmay_temple_entry_sparse_star, amcnicky_mini_pool_small,
          due_unseen_surprise, uniq_duvessa

Skill      XL: |  1  2  3  4  5  6  7  8  9 |
---------------+----------------------------+-----
Short Blades   | 2 3 4 6 |  6.0
Fighting       | 1 2 3 |  3.4
Dodging        | 3 4 6 |  6.0
Necromancy     | 3 5 |  5.0
Ice Magic      | 1 2 3 |  3.4
Spellcasting   | 3 |  3.4
Hexes          | 4 5 7 |  7.0
Stealth        | 6 |  6.0
Evocations     | 1 |  1.8

Action                   |  1- 3 |  4- 6 |  7- 9 || total
-------------------------+-------+-------+-------++-------
Melee: Dagger            |    83 |    53 |   240 ||   376
       Punch             |     1 |       |     3 ||     4
Throw: Stone             |       |     1 |     1 ||     2
 Cast: Ensorcelled Hiber |       |     3 |    25 ||    28
       Confusing Touch   |       |       |     4 ||     4
  Use: Scroll            |     6 |     4 |     1 ||    11
       Potion            |       |       |     5 ||     5
 Stab: Sleeping          |    17 |    14 |    29 ||    60
       Confused          |       |       |     2 ||     2
Armor: Robe              |    19 |     4 |    35 ||    58
Dodge: Dodged            |    52 |    31 |   218 ||   301

Table legend: (Time is in decaauts)
 A = Elapsed time spent in this place.
 B = Non-inter-level travel time spent in this place.
 C = Inter-level travel time spent in this place.
 D = Time resting spent in this place.
 E = Time spent auto-exploring this place.
 F = Levels seen in this place.
 G = Mean time per level.
                   A        B        C        D        E       F      G
               +--------+--------+--------+--------+--------+-----+--------+
         Total |   6944 |   6595 |    349 |    179 |   5344 |   7 |  992.0 |
       Dungeon |   6944 |   6595 |    349 |    179 |   5344 |   7 |  992.0 |
               +--------+--------+--------+--------+--------+-----+--------+

Top non-repeatable levels by time:
     D:1: 1526 daAuts
     D:4: 1466 daAuts
     D:3: 1145 daAuts
     D:6: 961 daAuts
     D:2: 951 daAuts
     D:5: 833 daAuts
     D:7: 58 daAuts
